 Dungeon Crawl Stone Soup version 0.27.1-33-g824d729ab1 (webtiles) character file.

Game seed: 422653995216799774

135 zeram the Caller (level 4, -14/39 HPs)
             Began as a Troll Summoner on Dec 14, 2021.
             Demolished by a goblin (25 damage)
             ... on level 3 of the Dungeon.
             The game lasted 00:03:55 (1640 turns).

zeram the Caller (Troll Summoner)                   Turns: 1640, Time: 00:03:56

Health: -14/39     AC:  4    Str: 16    XL:     4   Next: 96%
Magic:  4/4        EV: 10    Int: 12    God:
Gold:   95         SH:  0    Dex: 10    Spells: 4/5 levels left

rFire    . . .     SeeInvis .   h - staff of cold
rCold    + . .     Faith    .   (no shield)
rNeg     . . .     Spirit   .   a - +0 robe
rPois    .         Reflect  .   (helmet restricted)
rElec    .         Harm     .   (no cloak)
rCorr    .         Rampage  .   (gloves unavailable)
Will     .....                  (boots unavailable)
Stlth    +.........             (no amulet)
HPRegen  1.13/turn              (no ring)
MPRegen  0.09/turn              (no ring)

@: no status effects
A: large, unfitting armour, claws 3, regeneration 1, shaggy fur 1, tough skin 1
a: no special abilities


You were on level 3 of the Dungeon.
You visited 1 branch of the dungeon, and saw 3 of its levels.

You collected 95 gold pieces.

Inventory:

Armour
 a - a +0 robe (worn)
Magical Staves
 h - a staff of cold (weapon)
Scrolls
 c - a scroll of immolation {unknown}
 d - a scroll of enchant armour {unknown}
 e - a scroll of fear {unknown}
 g - 2 scrolls of noise {unknown}
Potions
 b - a potion of mutation {unknown}
 f - a potion of invisibility {unknown}
 i - a potion of degeneration {unknown}


   Skills:
 + Level 2.6 Dodging
 - Level 1.0 Stealth
 - Level 1.2 Spellcasting
 + Level 4.3 Summonings


You had 4 spell levels left.
You knew the following spells:

 Your Spells              Type           Power      Damage    Failure   Level
a - Summon Small Mammal   Summ           44%        N/A       4%          1

Your spell library contained the following spells:

 Spells                   Type           Power      Damage    Failure   Level
 Call Imp                 Summ           11%        N/A       8%          2
 Call Canine Familiar     Summ           11%        N/A       16%         3
 Summon Guardian Golem    Hex/Summ       5%         N/A       36%         3
 Summon Lightning Spire   Summ/Air       5%         N/A       77%         4


Dungeon Overview and Level Annotations

Branches:
Dungeon (3/15)

Altars:

Shops:
D:2 (


Innate Abilities, Weirdness & Mutations

You are too large for most types of armour.
You have claws for hands.
Your natural rate of healing is unusually fast.
You are covered in fur. (AC +1)
You have tough skin. (AC +1)


Message History

A goblin comes into view.
It is wielding a +1 dagger of distortion.
The goblin shouts!
A white imp comes into view.
The white imp shouts!
The endoplasm hits you.
You hit the endoplasm but do no damage. The endoplasm barely misses you.
You hit the white imp but do no damage. The white imp gestures at you.
The puff of frost hits you but does no damage.
The goblin closely misses you.
The endoplasm hits you but does no damage.
The white imp hits you but does no damage.
You closely miss the white imp.
The goblin hits you with a +1 dagger of distortion.
Space bends around you.
The endoplasm hits you but does no damage.
The white imp hits you. The white imp freezes you. You resist.
The goblin closely misses you. The endoplasm freezes you.
You are frozen.
You resist.
You hit the goblin.
The goblin is heavily wounded.
The white imp hits you. The white imp freezes you. You resist.
The goblin barely misses you. The endoplasm hits you.
You barely miss the goblin.
The goblin is heavily wounded.
The white imp hits you. The white imp freezes you. You resist.
The goblin hits you with a +1 dagger of distortion.
Space bends around you! The endoplasm freezes you.
You are frozen.
You resist.
* * * LOW HITPOINT WARNING * * *
You closely miss the goblin.
The goblin is heavily wounded.
The white imp closely misses you.
The goblin hits you with a +1 dagger of distortion.
* * * LOW HITPOINT WARNING * * *
Space warps horribly around you!!
Ouch! That really hurt!
You die...

## #..................#....
#####..................#....
.......................#....
#####.#.#########......#####
#.#.# ######## #.#.#
#.########### #.....g.....#
#....@J.....# #.....5......
# #.#####...... # #.# ......
# ... ..... #### #... .....
#... .... #... #... ## ...
#... #...


You could see a white imp, an endoplasm and a goblin.

Vanquished Creatures
  A wyvern zombie (D:3)
  3 adders (D:3)
  A worm (D:2)
  A dart slug (D:1)
  2 endoplasms
  2 giant cockroaches (D:1)
  5 goblins
  7 hobgoblins
  6 kobolds
  2 quokkas
  5 ball pythons (D:1)
  7 bats
  2 frilled lizards
  4 rats
48 creatures vanquished.

Notes
Turn   | Place    | Note
-------+----------+-------------------------------------------
     0 | D:1      | zeram the Troll Summoner began the quest for the Orb.
     0 | D:1      | Reached XP level 1. HP: 16/16 MP: 1/1
    18 | D:1      | Reached skill level 3 in Summonings
   189 | D:1      | Reached XP level 2. HP: 24/24 MP: 2/2
   781 | D:2      | Reached XP level 3. HP: 31/31 MP: 3/3
  1191 | D:2      | Found Saaged's Weapon Emporium.
  1465 | D:3      | Reached skill level 4 in Summonings
  1465 | D:3      | Reached XP level 4. HP: 22/39 MP: 4/4
  1640 | D:3      | Demolished by a goblin

Illustrated notes

Levels and vault maps discovered:
D:1:      zelgadis_glass_arrival_small, layout_loops_ring
D:2:      layout_loops_ring, serial_shops, shop
D:3:      layout_basic, trog_book, ebering_ecumenical_altar_abandoned

Skill      XL: |  1  2  3 |
---------------+----------+-----
Summonings     | 3 4 |  4.3
Dodging        | 2 |  2.6
Stealth        | |  1.0
Spellcasting   | |  1.2

Action                   |  1- 3 |  4- 6 || total
-------------------------+-------+-------++-------
Melee: Unarmed           |   138 |    24 ||   162
       Staff             |       |     6 ||     6
  Use: Potion            |     1 |     1 ||     2
 Stab: Sleeping          |     3 |       ||     3
Armor: Robe              |    67 |     7 ||    74
Dodge: Dodged            |    64 |    24 ||    88
